 Dungeon Crawl Stone Soup version 0.31.0-32-g396128a36d (webtiles) character file.

Game seed: 7626084419488272940

81309 Lungfish the Champion of Chaos (level 16, -1/113 HPs)
             Began as a Djinni Earth Elementalist on Feb 21, 2024.
             Was the Champion of Makhleb.
             Slain by a demonic crawler (13 damage)
             ... on level 3 of the Spider Nest on Mar 14, 2024.
             The game lasted 02:49:12 (29378 turns).

Lungfish the Champion of Chaos (DjEE)              Turns: 29378, Time: 02:49:12

Health: -1/113     AC: 18    Str: 11    XL:     16   Next: 17%
Gold:   891        EV: 19    Int: 24    God:    Makhleb [******] SH:  0 Dex: 16

rFire   + + +        a - staff of conjuration
rCold   x . .        (no shield)
rNeg    . . .        p - +7 ring mail of Mirth {rF+ Will++ Str+4 Dex-2}
rPois   ∞            c - +0 helmet {Int+3}
rElec   .            R - +0 cloak
rCorr   .            N - +2 pair of gloves
SInv    +            (boots unavailable)
Will    +++..        (no amulet)
Stlth   ++           A - +5 ring of evasion
HPRegen 0.38/turn    Q - ring of see invisible
MPRegen 0.00/turn

%: infuse magic (-2 HP)
@: flying
A: sickness immunity, fire resistance 2, cold vulnerability 1, float, innate
caster, HP casting, extra vitality 1
a: Renounce Religion, Minor Destruction, Lesser Servant of Makhleb, Major
Destruction, Greater Servant of Makhleb


You were on level 3 of the Spider Nest.
You worshipped Makhleb.
Makhleb was exalted by your worship.
You visited 5 branches of the dungeon, and saw 25 of its levels.
You also visited: Ossuary.

You collected 2030 gold pieces.
You spent 1139 gold pieces at shops.

Inventory:

Hand Weapons
 b - a +2 short sword of electrocution
 y - a +0 rapier
 E - a +5 dagger
 O - a +6 long sword
 P - a +2 heavy long sword
Missiles
 k - 7 throwing nets (quivered)
 B - 8 curare-tipped darts
Armour
 c - a +0 helmet of intelligence (worn)
 p - the +7 ring mail of Mirth (worn) {rF+ Will++ Str+4 Dex-2}
   (You found it on level 3 of the Dungeon)

   Str+4:     It affects your strength (+4).
   Dex-2:     It affects your dexterity (-2).
   rF+:       It protects you from fire.
   Will++:    It greatly increases your willpower.
 H - a +0 troll leather armour
 N - a +2 pair of gloves (worn)
 R - a +0 cloak (worn)
Magical Staves
 a - a staff of conjuration (weapon)
Jewellery
 q - a ring of protection from fire
 r - a ring of ice
 A - a +5 ring of evasion (left hand)
 Q - a ring of see invisible (right hand)
Wands
 n - a wand of mindburst (1)
 s - a wand of acid (10)
 v - a wand of flame (31)
 F - a wand of iceblast (7)
 K - a wand of paralysis (17)
Scrolls
 d - 3 scrolls of immolation
 h - a scroll of silence
 i - 4 scrolls of vulnerability
 w - a scroll of brand weapon
 z - 2 scrolls of fog
 C - 3 scrolls of poison
 I - 5 scrolls of teleportation
 J - 2 scrolls of revelation
 M - 4 scrolls of noise
 S - a scroll of blinking
Potions
 e - 6 potions of curing
 f - 3 potions of lignification
 g - 2 potions of mutation
 j - a potion of cancellation
 l - 4 potions of attraction
 m - 2 potions of might
 o - 3 potions of ambrosia
 t - a potion of haste
 u - a potion of enlightenment {unknown}
 x - a potion of experience {unknown}
 D - a potion of berserk rage {unknown}
 G - a potion of brilliance
 L - a potion of invisibility


   Skills:
 - Level 10.0 Fighting
 - Level 5.0 Short Blades
 - Level 4.0 Armour
 - Level 8.0 Dodging
 - Level 5.0 Stealth
 + Level 13.1 Spellcasting
 + Level 13.1 Conjurations
 + Level 13.1 Hexes
 + Level 13.1 Summonings
 + Level 13.1 Necromancy
 + Level 13.1 Translocations
 + Level 13.1 Fire Magic
 + Level 13.1 Ice Magic
 + Level 13.1 Air Magic
 + Level 13.1 Earth Magic
 + Level 13.1 Alchemy
 - Level 17.0 Invocations


You knew the following spells:

 Your Spells              Type           Power      Damage    Failure   Level
a - Sandblast             Erth           100%       2d20      1%          1
b - Passwall              Erth           68%        N/A       1%          3
c - Stone Arrow           Conj/Erth      100%       3d13      1%          3
d - Petrify               Alch/Erth      68%        N/A       1%          4
e - Brom's Barrelling Bo  Conj/Erth      87%        2d10      1%          4
f - Necrotise             Necr           100%       1d9       1%          1
g - Momentum Strike       Conj/Tloc      100%       3d10      1%          2
h - Mephitic Cloud        Conj/Alch/Air  87%        N/A       1%          3
i - Iskenderun's Mystic   Conj/Tloc      87%        2d17      1%          4
j - Alistair's Intoxicat  Alch           45%        N/A       1%          5
k - Iskenderun's Battles  Conj           87%        2d13      1%          5
l - Conjure Ball Lightni  Conj/Air       43%        3x3d15    6%          6
Your spell library was empty.

Dungeon Overview and Level Annotations

Branches:
Dungeon (14/15)            Temple (1/1) D:6            Lair (5/5) D:10
 Shoals (0/4) Lair:3       Spider (3/4) Lair:2        Slime (0/5) Lair:5
    Orc (2/2) D:9             Elf (0/3) Orc:2        Vaults (0/5) D:13
Ossuary (visited)

Altars:
Ashenzari
Cheibriados
Dithmenos
Elyvilon
Fedhas
Gozag
Hepliaklqana
Makhleb
Nemelex Xobeh
Okawaru
Qazlal
Ru
Trog
Uskayaw
Wu Jian
Xom
Yredelemnul
Zin
The Shining One
Jiyva

Shops:
D:10 !   D:14 *=[[   Orc:2 [[((

Annotations:
Lair:2 1 runed translucent door, Ruich's ghost, journeyman TrFi


Innate Abilities, Weirdness & Mutations

You are immune to sickness and miasma.
You are immune to poison.
Your flesh is very heat resistant. (rF++)
You are vulnerable to cold. (rC-)
You float through the air rather than walking.
You learn spells naturally, not from books.
Your magical power is your life essence.
You have superior vitality. (+4 MHP)


Message History

The demonic crawler hits you but does no damage. x2
You bump into the rock wall.
You feel less invigorated.
You feel less confused. The demonic crawler closely misses you.
The demonic crawler hits you but does no damage.
The demonic crawler barely misses you.
Casting: Iskenderun's Battlesphere (mildly dangerous; 1% risk of failure)
Confirm with . or Enter, or press ? or * to list all spells.
Aiming: Petrify (safe; 1% risk of failure)
Press: ? - help, Shift-Dir - straight line, f - demonic crawler
Aim: a demonic crawler (chance to affect: 46%)
The demonic crawler resists with some effort.
* * * LOW HITPOINT WARNING * * *
The demonic crawler completely misses you.
The demonic crawler closely misses you.
The demonic crawler hits you but does no damage.
Casting: Petrify (safe; 1% risk of failure)
Confirm with . or Enter, or press ? or * to list all spells.
Aiming: Petrify (safe; 1% risk of failure)
Press: ? - help, Shift-Dir - straight line, f/p - demonic crawler
Aim: a demonic crawler (chance to affect: 46%)
The demonic crawler is moving more slowly.
* * * LOW HITPOINT WARNING * * *
The demonic crawler closely misses you. The demonic crawler barely misses you.
The demonic crawler hits you.
* * * LOW HITPOINT WARNING * * *
The demonic crawler hits you but does no damage.
The demonic crawler misses you. The demonic crawler barely misses you.
Casting: Petrify (safe; 1% risk of failure)
Confirm with . or Enter, or press ? or * to list all spells.
Aiming: Stone Arrow (safe; 1% risk of failure)
Press: ? - help, Shift-Dir - straight line, f/p - demonic crawler
Aim: a demonic crawler (petrifying slowly, 100% to hit)
You feel a surge of power!
The stone arrow hits the demonic crawler!!
The demonic crawler is lightly wounded.
* * * LOW HITPOINT WARNING * * *
The demonic crawler hits you but does no damage.
The demonic crawler closely misses you. The demonic crawler hits you!
You die...

#### #.#.#
...^ ... ###
..###..#
.....#
#####(...##
##^..#<...^#.
#@s.......^...
##.#..#.#.#^..
######## # #


You could see a demonic crawler (petrifying).

Vanquished Creatures
  Saint Roka (Orc:2)
  A sphinx (D:14)
  A ghost moth (Spider:1)
  A fire dragon (Lair:5)
  An entropy weaver (Spider:1)
  6 hydras
  A vault guard (D:13)
  3 catoblepae
  4 centaur warriors
  A two-headed ogre (Orc:2)
  A dancing weapon (D:13)
  A death knight (D:14)
  4 death yaks
  A tengu warrior (D:13)
  2 boulder beetles
  An orc high priest (Orc:2)
  3 skysharks
  A fire crab (Lair:3)
  A deep troll (D:14)
  Pikel (D:9)
  A necromancer (Lair:5)
  A lindwurm (Lair:5)
  5 orc knights
  A deep elf pyromancer (D:13)
  8 orc sorcerers
  An ugly thing (D:9)
  A cyclops (D:11)
  2 manticores
  7 kobold blastminers (Orc:2)
  2 meliai
  7 black mambas
  2 molten gargoyles (Lair:5)
  7 elephants
  A smoke demon (D:11)
  Jeremiah (D:7)
  9 cane toads
  10 komodo dragons
  2 unseen horrors (D:12)
  4 rime drakes
  A tengu conjurer (D:13)
  A yaktaur (D:14)
  A queen bee (shapeshifter) (D:14)
  10 trolls
  A hellwing (D:11)
  2 polar bears
  3 hornets
  2 tarantellas (Spider:1)
  4 blink frogs
  5 slime creatures (D:13)
  12 dream sheep (Lair:5)
  3 shadows
  A culicivora (Spider:1)
  3 wraiths
  9 basilisks
  13 wyverns
  2 vampires
  41 yaks
  A death yak simulacrum (Lair:5)
  A steam dragon (Lair:4)
  2 wargs
  2 humans (D:9)
  A redback (Spider:1)
  4 vampire mosquitoes (D:11)
  9 water moccasins
  An acid dragon (D:14)
  5 hell hounds (Lair:5)
  A hydra simulacrum (Lair:5)
  A sky beast (D:7)
  41 orc warriors
  5 black bears
  10 ogres
  2 laughing skulls (D:14)
  3 ice beasts
  7 wolves
  8 centaurs
  A phantom (D:6)
  3 lemures (D:9)
  19 bullfrogs
  4 scorpions
  An elf zombie (Ossuary)
  3 jellies
  20 killer bees
  2 electric eels (Lair:2)
  A howler monkey (D:10)
  5 lava snakes (Lair:5)
  2 bombardier beetles
  2 hounds
  2 gnoll boudas
  21 orc priests
  2 human zombies (Ossuary)
  3 iguanas
  26 orc wizards
  2 sleepcaps
  4 mummies (Ossuary)
  8 gnolls
  4 adders
  A shadow imp (D:6)
  3 white imps
  3 adder zombies (Ossuary)
  4 dart slugs
  A ribbon worm (D:2)
  100 orcs
  9 ball pythons
  7 endoplasms
  4 giant cockroaches
  10 goblins
  7 hobgoblins
  2 jackals (D:5)
  2 quokkas
  7 bats
  2 frilled lizards
  A goblin zombie (Ossuary)
  A hobgoblin zombie (Ossuary)
  7 kobolds
  2 kobold zombies
  An orc zombie (Ossuary)
  4 rats
  3 rat zombies
642 creatures vanquished.

Vanquished Creatures (collateral kills)
  An entropy weaver (Spider:1)
  2 demonic crawlers (Spider:1)
  A killer bee (D:13)
  A boulder (D:6)
5 creatures vanquished.

Vanquished Creatures (others)
  An orc (D:14)
  3 ball lightnings (D:14)
  3 boulders
7 creatures vanquished.

Grand Total: 654 creatures vanquished

Notes
Turn   | Place    | Note
-------+----------+-------------------------------------------
     0 | D:1      | Lungfish the Djinni Earth Elementalist began the quest for
                  | the Orb.
     0 | D:1      | Lungfish set off with the following spells memorised:
                  | Sandblast, Passwall, Stone Arrow, Petrify, Brom's
                  | Barrelling Boulder.
     0 | D:1      | Reached XP level 1. HP: 15/15 MP: 0/0
   196 | D:1      | Reached XP level 2. HP: 19/21 MP: 0/0
   434 | D:1      | Reached XP level 3. HP: 21/25 MP: 0/0
   434 | D:1      | Learned a level 1 spell: Necrotise
  1443 | D:3      | Reached XP level 4. HP: 25/31 MP: 0/0
  1491 | D:3      | Identified the +7 ring mail of Mirth {rF+ Will++ Str+4
                  | Dex-2}
  1588 | D:3      | Reached skill level 1 in Armour
  1644 | D:3      | Noticed a scorpion
  1652 | D:3      | Killed a scorpion
  1653 | D:3      | Reached XP level 5. HP: 25/35 MP: 0/0
  1653 | D:3      | Learned a level 2 spell: Momentum Strike
  2098 | D:4      | Reached XP level 6. HP: 32/40 MP: 0/0
  2159 | D:4      | Found a hazy altar of Hepliaklqana.
  2160 | D:4      | Found a bloodstained altar of Trog.
  2276 | D:4      | Found a hide-covered altar of Uskayaw.
  2945 | D:4      | Reached skill level 5 in Spellcasting
  2945 | D:4      | Reached skill level 5 in Conjurations
  2945 | D:4      | Reached skill level 5 in Hexes
  2945 | D:4      | Reached skill level 5 in Summonings
  2945 | D:4      | Reached skill level 5 in Necromancy
  2945 | D:4      | Reached skill level 5 in Translocations
  2945 | D:4      | Reached skill level 5 in Fire Magic
  2945 | D:4      | Reached skill level 5 in Ice Magic
  2945 | D:4      | Reached skill level 5 in Air Magic
  2945 | D:4      | Reached skill level 5 in Earth Magic
  2945 | D:4      | Reached skill level 5 in Alchemy
  3088 | D:4      | Reached XP level 7. HP: 42/45 MP: 0/0
  3088 | D:4      | Learned a level 3 spell: Mephitic Cloud
  3574 | D:5      | Entered Level 5 of the Dungeon
  3880 | D:5      | Identified the +2 whip "Gueck" {flame, ^Contam Int+3}
  3915 | D:5      | Identified the +0 ring mail "Qeggip" {rN+ Slay+2}
  4477 | D:6      | Reached XP level 8. HP: 46/50 MP: 0/0
  4968 | D:6      | Found a staircase to the Ecumenical Temple.
  4980 | Temple   | Entered the Ecumenical Temple
  5000 | Temple   | Became a worshipper of Makhleb the Destroyer
  5944 | D:7      | Reached XP level 9. HP: 55/56 MP: 0/0
  5944 | D:7      | Learned a level 4 spell: Iskenderun's Mystic Blast
  5949 | D:7      | Reached skill level 1 in Fighting
  5949 | D:7      | Reached skill level 1 in Invocations
  6016 | D:7      | Reached skill level 2 in Invocations
  6081 | D:7      | Identified the +1 ring mail of Boredom {rN+}
  6095 | D:7      | Reached * piety under Makhleb
  6145 | D:7      | Found a sand-covered staircase.
  6145 | D:7      | Noticed Jeremiah
  6154 | Ossuary  | Entered an ossuary
  6194 | Ossuary  | Reached skill level 3 in Invocations
  6950 | D:8      | Reached ** piety under Makhleb
  7155 | D:8      | Reached skill level 5 in Dodging
  7155 | D:8      | Reached skill level 4 in Invocations
  7156 | D:8      | Reached XP level 10. HP: 68/69 MP: 0/0
  7313 | D:7      | Killed Jeremiah
  7314 | D:7      | Reached skill level 5 in Fighting
  7314 | D:7      | Reached skill level 5 in Invocations
  7417 | D:8      | Reached skill level 6 in Invocations
  8214 | D:9      | Noticed Pikel
  8227 | D:9      | Killed Pikel
  8228 | D:9      | Reached skill level 7 in Invocations
  8412 | D:9      | Found an iron altar of Okawaru.
  8581 | D:9      | Found a staircase to the Orcish Mines.
  8655 | D:9      | Reached skill level 8 in Invocations
  8655 | D:9      | Reached XP level 11. HP: 41/75 MP: 0/0
  8655 | D:9      | Learned a level 5 spell: Alistair's Intoxication
  8837 | D:9      | Reached *** piety under Makhleb
  8914 | D:9      | Reached skill level 1 in Short Blades
  9365 | D:10     | Entered Level 10 of the Dungeon
  9384 | D:10     | Noticed a white ugly thing
  9407 | D:9      | Killed a white ugly thing
  9729 | D:10     | Found a shadowy altar of Dithmenos.
  9756 | D:10     | Found Iseitas's Distillery.
  9925 | D:10     | Found a staircase to the Lair.
 10078 | D:10     | Reached skill level 5 in Stealth
 10381 | D:10     | Reached skill level 5 in Short Blades
 10630 | Lair:1   | Entered Level 1 of the Lair of Beasts
 11074 | D:10     | Reached skill level 9 in Invocations
 11177 | D:10     | Reached **** piety under Makhleb
 11178 | D:10     | Reached XP level 12. HP: 54/83 MP: 0/0
 12087 | Lair:1   | Reached skill level 10 in Invocations
 12713 | Lair:2   | Noticed Ruich's ghost (journeyman TrFi)
 12713 | Lair:2   | Noticed a +1 long sword of chaos
 12713 | Lair:2   | Found a runed translucent door.
 12713 | Lair:2   | Found a shimmering altar of Xom.
 12949 | Lair:2   | Noticed a catoblepas
 13346 | Lair:2   | Reached skill level 11 in Invocations
 13439 | Lair:2   | Found a hole to the Spider Nest.
 13543 | Lair:2   | Noticed a four-headed hydra
 13551 | Lair:2   | Killed a four-headed hydra
 13655 | Lair:2   | Reached XP level 13. HP: 83/94 MP: 0/0
 13655 | Lair:2   | Learned a level 5 spell: Iskenderun's Battlesphere
 14448 | Lair:3   | Noticed a six-headed hydra
 14516 | Lair:3   | Killed a six-headed hydra
 14665 | Lair:3   | Found a staircase to the Shoals.
 15666 | Lair:4   | Killed a catoblepas
 15824 | Lair:4   | Reached skill level 10 in Spellcasting
 15824 | Lair:4   | Reached skill level 10 in Conjurations
 15824 | Lair:4   | Reached skill level 10 in Hexes
 15824 | Lair:4   | Reached skill level 10 in Summonings
 15824 | Lair:4   | Reached skill level 10 in Necromancy
 15824 | Lair:4   | Reached skill level 10 in Translocations
 15824 | Lair:4   | Reached skill level 10 in Fire Magic
 15824 | Lair:4   | Reached skill level 10 in Ice Magic
 15824 | Lair:4   | Reached skill level 10 in Air Magic
 15824 | Lair:4   | Reached skill level 10 in Earth Magic
 15824 | Lair:4   | Reached skill level 10 in Alchemy
 15844 | Lair:4   | Reached ***** piety under Makhleb
 16693 | Lair:5   | Entered Level 5 of the Lair of Beasts
 16694 | Lair:5   | Noticed a four-headed hydra
 16832 | Lair:5   | Killed a four-headed hydra
 16833 | Lair:5   | Reached skill level 12 in Invocations
 17119 | Lair:4   | Reached XP level 14. HP: 80/101 MP: 0/0
 17793 | Lair:5   | Reached skill level 10 in Fighting
 17837 | Lair:5   | Found a viscous altar of Jiyva.
 17841 | Lair:5   | Found a staircase to the Slime Pits.
 17912 | Lair:5   | Reached skill level 13 in Invocations
 18349 | Lair:5   | Found a large runed translucent door.
 18349 | Lair:5   | Found a large runed translucent door.
 18368 | Lair:5   | Reached skill level 14 in Invocations
 19071 | Orc:1    | Entered Level 1 of the Orcish Mines
 19447 | D:11     | You are sucked into a shaft and drop 2 floors!
 19509 | D:13     | Reached skill level 15 in Invocations
 20076 | D:12     | Reached XP level 15. HP: 97/107 MP: 0/0
 20076 | D:12     | Learned a level 6 spell: Conjure Ball Lightning
 21087 | Orc:2    | Entered Level 2 of the Orcish Mines
 21355 | Orc:2    | Found a staircase to the Elven Halls.
 21444 | Orc:2    | Reached skill level 16 in Invocations
 21604 | Orc:2    | Found Pefrenaerph's Antique Armour Shop.
 22079 | Orc:2    | Reached ****** piety under Makhleb
 22946 | Orc:1    | Reached skill level 17 in Invocations
 23573 | Orc:2    | Found Maulu's Weapon Shoppe.
 24043 | Orc:2    | Found Uhoppohu's Antique Weapon Shop.
 24062 | Orc:2    | Noticed Saint Roka
 24065 | Orc:2    | Found Bounann's Antique Armour Boutique.
 24906 | Orc:2    | Killed Saint Roka
 25074 | Orc:2    | Bought a crude scimitar for 369 gold pieces
 25074 | Orc:2    | Identified the +4 scimitar "Guddouwn" {holy, Str+5 Dex-2}
                  | (You bought it in a shop on level 2 of the Orcish Mines)
 25141 | Orc:2    | Bought a shiny helmet for 255 gold pieces
 26046 | D:13     | Found a gate to the Vaults.
 26568 | D:14     | Found Ganuun's Antique Armour Shop.
 26572 | D:14     | Bought a crude robe for 125 gold pieces
 26572 | D:14     | Identified the +0 robe of Eternal Night {Will++ Dex+2} (You
                  | bought it in a shop on level 14 of the Dungeon)
 26596 | D:14     | Found Siluiz's Jewellery Shoppe.
 26889 | D:14     | Found Domaocsuome's General Store.
 26897 | D:14     | Bought a ring of see invisible for 225 gold pieces
 26897 | D:14     | Bought a scroll of identify for 30 gold pieces
 26989 | D:14     | Found Oloelaloi's Antique Armour Shoppe.
 27551 | D:14     | Noticed a sphinx
 27594 | D:14     | Killed a sphinx
 27725 | D:14     | Upgraded the game from 0.31.0-12-g77e489cdc1 to
                  | 0.31.0-32-g396128a36d
 28162 | D:14     | Noticed a frost giant
 28786 | D:14     | Reached XP level 16. HP: 109/112 MP: 0/0
 28943 | D:14     | Identified the +7 flail "Foapi" {flame, Will+ Dex+2}
 29101 | D:14     | Bought a cloak for 135 gold pieces
 29234 | Spider:1 | Entered Level 1 of the Spider Nest
 29354 | Spider:1 | You are sucked into a shaft and drop 1 floor!
 29378 | Spider:3 | Slain by a demonic crawler

Illustrated notes

Levels and vault maps discovered:
D:1:      sevenhm_arrival_forest_fort_large_2, layout_loops_ring
D:2:      layout_loops_ring, minmay_curled_crystal
D:3:      layout_rooms, kennysheep_cross_bottleneck
D:4:      layout_basic, nicolae_overflow_two_pavilions,
          nicolae_uskayaw_suspiria, hangedman_abyss_or_decor_lesser_grid,
          nrook_uturn
D:5:      layout_basic
D:6:      layout_layer_cave, minmay_temple_entry_glass
D:7:      layout_basic, enter_ossuary_3, uniq_jeremiah
D:8:      layout_loops_ring, amcnicky_altar_gilded, serial_bayou_ford_a,
          hangedman_glass_teeth
D:9:      layout_irregular_city, okawaru_humans, orc_0_dummy,
          small_statue_intersection, uniq_pikel
D:10:     layout_stronghold, nicolae_dithmenos_shadow_blocks,
          minmay_lair_entry_grove, serial_shops, shop_fountains
D:11:     layout_basic, nicolae_where_there's_smoke
D:12:     layout_cross
D:13:     layout_basic, erik_vaults_1, eino_jars
D:14:     dreamdust_cave_troll, layout_grid_maze, serial_shops,
          nicolae_shop_overgrown_old_shop, shop, shop,
          nicolae_shop_back_alley_shop, dreamdust_wishing_well,
          minmay_checkered_concentric_circles
Temple:   nicolae_temple_superstar
Lair:1:   layout_long_grid
Lair:2:   layout_layer_cave, hellmonk_spider_entry_not_the_bees,
          ebering_ghost_xom, grunt_megastairs_2, serial_bayou_shore_a
Lair:3:   layout_regular_city, minmay_shoals_entry_centaurs
Lair:4:   layout_loops_ring, serial_bayou_shore_b
Lair:5:   cheibrodos_lair_end_hotspot, layout_loops_ring, slime_entry_1,
          eino_house_with_fridge
Spider:1: layout_chambers, nicolae_spider_shape
Spider:2: layout_spider_delve, hangedman_spider_tarantella_strand, uniq_jorgrun
Spider:3: layout_spider_delve, uniq_arachne
Orc:1:    layout_caves
Orc:2:    grunt_orc_community_town_hall, layout_caves,
          grunt_orc_community_big_house_2, grunt_orc_community_big_house_1,
          grunt_orc_community_house_3, grunt_orc_community_house_2,
          grunt_orc_community_house_3, grunt_orc_community_house_2,
          grunt_orc_community_house_3, grunt_orc_community_house_2

Skill      XL: |  1  2  3  4  5  6  7  8  9 10 11 12 13 14 15 16 |
---------------+-------------------------------------------------+-----
Spellcasting   | 4 5 6 8 10 11 12 13 | 13.1
Conjurations   | 4 5 6 8 10 11 12 13 | 13.1
Hexes          | 4 5 6 8 10 11 12 13 | 13.1
Summonings     | 4 5 6 8 10 11 12 13 | 13.1
Necromancy     | 4 5 6 8 10 11 12 13 | 13.1
Translocations | 4 5 6 8 10 11 12 13 | 13.1
Fire Magic     | 4 5 6 8 10 11 12 13 | 13.1
Ice Magic      | 4 5 6 8 10 11 12 13 | 13.1
Air Magic      | 4 5 6 8 10 11 12 13 | 13.1
Earth Magic    | 4 5 6 8 10 11 12 13 | 13.1
Alchemy        | 4 5 6 8 10 11 12 13 | 13.1
Armour         | 2 3 4 |  4.0
Fighting       | 4 5 6 9 10 | 10.0
Invocations    | 4 8 9 11 12 15 17 | 17.0
Dodging        | 5 8 |  8.0
Stealth        | 5 |  5.0
Short Blades   | 5 |  5.0

Action                     |  1- 3 |  4- 6 |  7- 9 | 10-12 | 13-15 | 16-18 || total
---------------------------+-------+-------+-------+-------+-------+-------++-------
  Melee: Unarmed           |     2 |       |       |       |       |       ||     2
         Staff             |       |       |    23 |    25 |    11 |       ||    59
         Short sword       |       |       |    35 |   168 |    99 |       ||   302
         Punch             |       |       |       |       |     4 |       ||     4
   Cast: Sandblast         |    54 |    64 |   105 |   119 |   350 |       ||   692
         Necrotise         |     2 |     1 |       |       |       |       ||     3
         Stone Arrow       |       |     5 |    23 |   132 |   364 |    19 ||   543
         Momentum Strike   |       |     1 |       |       |       |       ||     1
         Mephitic Cloud    |       |       |     8 |    25 |    30 |       ||    63
         Brom's Barrelling |       |       |     5 |       |     1 |       ||     6
         Iskenderun's Myst |       |       |     4 |     4 |    43 |     3 ||    54
         Iskenderun's Batt |       |       |       |       |    22 |     4 ||    26
         Alistair's Intoxi |       |       |       |       |    15 |       ||    15
         Conjure Ball Ligh |       |       |       |       |     1 |       ||     1
         Petrify           |       |       |       |       |       |     2 ||     2
 Invoke: Greater Servant o |       |       |       |       |       |     1 ||     1
  Evoke: Wand              |       |       |       |     1 |     1 |       ||     2
    Use: Scroll            |       |     1 |    13 |     6 |    13 |       ||    33
         Potion            |       |       |     1 |     1 |     6 |     1 ||     9
   Stab: Confused          |       |       |     7 |    23 |    16 |       ||    46
         Sleeping          |       |       |       |     1 |     4 |       ||     5
 Armour: Robe              |     9 |       |       |       |       |       ||     9
         Ring mail         |       |    29 |    81 |   168 |   409 |    39 ||   726
  Dodge: Dodged            |    16 |    16 |    70 |   292 |   495 |    61 ||   950
